 Dungeon Crawl Stone Soup version 0.29.1-15-g9cfb28693d (webtiles) character file.

Game seed: 1748352759870489404

122 Eitelfritz the Chopper (level 5, -7/46 HPs)
             Began as a Hill Orc Fighter on Apr 15, 2023.
             Killed by divine providence
             ... invoked by an orc priest
              (12 damage)
             ... on level 3 of the Dungeon.
             The game lasted 00:03:01 (2921 turns).

Eitelfritz the Chopper (Hill Orc Fighter)           Turns: 2921, Time: 00:03:02

Health: -7/46      AC:  8    Str: 21    XL:     5   Next: 6%
Magic:  5/5        EV:  9    Int:  8    God:
Gold:   174        SH:  4    Dex: 10    Spells: 4/4 levels left

rFire   . . .      SeeInvis .   a - +0 war axe
rCold   . . .      Faith    .   c - +0 buckler
rNeg    . . .      Spirit   .   b - +0 scale mail
rPois   .          Reflect  .   (no helmet)
rElec   .          Harm     .   (no cloak)
rCorr   .          Rampage  .   (no gloves)
Will    .....                   s - +0 pair of boots
Stlth   ..........              (no amulet)
HPRegen 0.15/turn               (no ring)
MPRegen 0.09/turn               (no ring)

@: no status effects
A: no striking features
a: Convert to Beogh


You were on level 3 of the Dungeon.
You visited 1 branch of the dungeon, and saw 3 of its levels.

You collected 174 gold pieces.

Inventory:

Hand Weapons
 a - a +0 war axe (weapon)
Missiles
 o - 7 poisoned darts (quivered)
Armour
 b - a +0 scale mail (worn)
 c - a +0 buckler (worn)
 s - a +0 pair of boots (worn)
Scrolls
 e - a scroll of blinking {unknown}
 f - a scroll of teleportation {unknown}
 g - 2 scrolls of poison {unknown}
 i - a scroll of fear {unknown}
 j - 3 scrolls of enchant weapon {unknown}
 l - a scroll of torment {unknown}
 p - a scroll of amnesia {unknown}
 q - a scroll of identify {unknown}
 u - a scroll of noise {unknown}
Potions
 d - a potion of might
 h - a potion of flight {unknown}
 k - 2 potions of curing {unknown}
 m - 2 potions of heal wounds {unknown}
 n - a potion of ambrosia {unknown}
 r - a potion of degeneration {unknown}
 t - a potion of mutation {unknown}
 v - a potion of invisibility {unknown}
 w - a potion of brilliance {unknown}


   Skills:
 + Level 3.9 Fighting
 + Level 4.5 Axes
 + Level 4.4 Armour
 + Level 0.8 Dodging
 + Level 0.1 Stealth
 + Level 3.7 Shields


You had 4 spell levels left.
You didn't know any spells.
Your spell library contained the following spells:

 Spells                   Type           Power      Damage    Failure   Level
 Sandblast                Erth           0%         2d4       83%         1
 Blink                    Tloc           0%         N/A       92%         2
 Confusing Touch          Hex            0%         N/A       99%         3
 Ignite Poison            Fire/Tmut/Pois 0%         N/A       99%         3
 Mephitic Cloud           Conj/Pois/Air  0%         N/A       99%         3
 Petrify                  Tmut/Erth      0%         N/A       100%        4
 Freezing Cloud           Conj/Ice/Air   0%         6-21      100%        5
 Yara's Violent Unravell  Hex/Tmut       0%         3d3       100%        5
 Enfeeble                 Hex            0%         N/A       100%        7
 Shatter                  Erth           0%         3d5*      100%        9


Dungeon Overview and Level Annotations

Branches:
Dungeon (3/15)

Altars:
Cheibriados


Message History

The orc priest invokes the aid of Beogh against you.
You barely resist.
Unknown command.
You closely miss the orc priest.
The hobgoblin shouts!
The kobold shouts!
The orc priest hits you but does no damage.
Unknown command.
You hit the orc priest.
The orc priest is moderately wounded.
The orc priest hits you but does no damage.
Unknown command.
You hit the orc priest but do no damage.
The orc priest is moderately wounded.
The orc priest hits you but does no damage.
The orc priest hits you with a +0 mace!
* * * LOW HITPOINT WARNING * * *
Unknown command.
You closely miss the orc priest.
The orc priest is moderately wounded.
The orc priest hits you but does no damage.
Unknown command.
You completely miss the orc priest.
The orc priest is moderately wounded.
You slash the hobgoblin!
You kill the hobgoblin!
The kobold throws a stone.
You block the stone.
The orc priest hits you but does no damage.
Unknown command.
You closely miss the orc priest.
The orc priest is moderately wounded.
The orc priest hits you but does no damage.
The kobold closely misses you. The orc priest hits you with a +0 mace.
* * * LOW HITPOINT WARNING * * *
Unknown command.
You hit the orc priest.
The orc priest is severely wounded.
You barely miss the kobold. You block the kobold's attack.
The orc priest invokes the aid of Beogh against you.
Beogh smites you!
You die...

..# ..# ..## ... ..#
####### ..# .......
##o.##### #######
#@K....$.
†...####.#######.).#####
#.#................#
#...########.###....#
##.## #.# #.##.# ...#
#.# #.# .# .#.### #.#
#.# # .##### #.# #.#
.##### #.# #.#


You could see an orc priest and a kobold.

Vanquished Creatures
  4 adders
  An ufetubus (D:2)
  3 worms (D:2)
  A dart slug (D:1)
  4 orcs (D:3)
  7 ball pythons
  5 endoplasms
  3 giant cockroaches
  6 goblins
  9 hobgoblins
  4 kobolds
  5 quokkas
  A bat (D:2)
  8 frilled lizards
  2 rats
63 creatures vanquished.

Notes
Turn   | Place    | Note
-------+----------+-------------------------------------------
     0 | D:1      | Eitelfritz the Hill Orc Fighter began the quest for the
                  | Orb.
     0 | D:1      | Reached XP level 1. HP: 19/19 MP: 1/1
   103 | D:1      | Reached XP level 2. HP: 27/27 MP: 2/2
   246 | D:1      | Found a faded altar of an unknown god.
   785 | D:1      | Reached XP level 3. HP: 33/33 MP: 3/3
  1530 | D:2      | Reached XP level 4. HP: 16/40 MP: 4/4
  2299 | D:3      | Found a snail-covered altar of Cheibriados.
  2377 | D:3      | Got the Grimoire of Arenous Wanderlust
  2912 | D:3      | Reached XP level 5. HP: 22/46 MP: 5/5
  2921 | D:3      | Killed from afar by an orc priest

Illustrated notes

Levels and vault maps discovered:
D:1:      dpeg_arrival_pits, layout_basic, dreamdust_ecumenical_altar_statues
D:2:      layout_basic, chequers_arboretum, chequers_serial_rivers_large_a,
          minmay_cut_off
D:3:      layout_loops_ring, zin_academy, mainiacjoe_overflow_cross_hatched,
          reono_crystal_passage

Skill      XL: |  1  2  3  4 |
---------------+-------------+-----
Armour         | 4 |  4.4
Axes           | 3 4 |  4.5
Fighting       | |  3.9
Dodging        | |  0.8
Stealth        | |  0.1
Shields        | |  3.7

Action                   |  1- 3 |  4- 6 || total
-------------------------+-------+-------++-------
Melee: War axe           |    81 |    89 ||   170
Armor: Scale mail        |    34 |    38 ||    72
Dodge: Dodged            |    41 |    46 ||    87
Block: Buckler           |    13 |    28 ||    41
